AoeStats
← Giye

Arabia

508682636Analyzed
1v1 RM · 9d ago on Sep 23, 2026· 31m 8s· 2 players
Game mode
Random Map
Map size
Tiny (2 player)
Population
200
Speed
Normal
Resources
Standard
Victory
Conquest
Starting age
Dark Age
Ending age
Imperial Age
RankedLock teamsTeams togetherTeam positionsShared explorationLock speedFull tech treeHidden civsTurbo modeCheats
Victory
Defeat
🇨🇱 Teutons · Chile
871
+15
🇪🇸 Varangians · Spain
839
-15
Giye
11:43 Feudal Age
10:02 Loom
13:16 Man-at-Arms
16:55 Arson
21:58 Scale Mail Armor
24:02 Horse Collar
25:43 Fletching
26:05 Forging
31:50 Castle Age
jojorgegepena
7:28 Loom
10:22 Feudal Age
13:13 Double-Bit Axe
15:46 Wheelbarrow
17:42 Man-at-Arms
27:12 Castle Age
26:01 Horse Collar
26:26 Gold Mining
27:03 Fletching
28:27 Crossbowman
29:46 Bodkin Arrow
Connection lost

Rejoining the realm…

Still unreachable

The connection could not be restored.

Session expired

The server has moved on; the page needs a fresh start.